 Dungeon Crawl Stone Soup version 0.19.4-8-ga85b6b9 (webtiles) character file.

97 Kosschaser the Ruffian (level 4, 0/44 HPs)
             Began as a Troll Monk on Feb 9, 2017.
             Slain by a goblin (2 damage)
             ... on level 3 of the Dungeon on Feb 10, 2017.
             The game lasted 00:21:07 (1756 turns).

Kosschaser the Ruffian (Troll Monk)                 Turns: 1756, Time: 00:21:08

Health: 0/44       AC:  5    Str: 19    XL:     4   Next: 42%
Magic:  3/3        EV: 11    Int:  6    God:
Gold:   124        SH:  0    Dex: 13    Spells: 0 memorised, 3 levels left

rFire  . . .     SeeInvis .       - Unarmed
rCold  . . .     Gourm    +     a - +0 robe
rNeg   . . .     Faith    .     (no shield)
rPois  .         Spirit   .     (helmet restricted)
rElec  .         Reflect  .     (no cloak)
rCorr  .         Harm     .     (gloves unavailable)
MR     .....                    (boots unavailable)
Stlth  ++........               (no amulet)
                                (no ring)
                                (no ring)

@: no status effects
A: unfitting armour, claws 3, fast metabolism 3, gourmand, regeneration 1,
shaggy fur 1, tough skin 2
a: no special abilities


You were on level 3 of the Dungeon.
You were not hungry.

You visited 1 branch of the dungeon, and saw 3 of its levels.

You collected 124 gold pieces.

Inventory:

Missiles
 j - 34 stones (quivered)
Armour
 a - a +0 robe (worn)
Scrolls
 f - 2 scrolls of teleportation {unknown}
Potions
 c - a potion of agility {unknown}
 e - a potion of degeneration {unknown}
 h - a potion of heal wounds {unknown}
 i - a potion of might
 k - a potion of brilliance {unknown}
 l - 2 potions of mutation {unknown}
Comestibles
 b - 2 bread rations
 d - 3 fruits
 g - 2 meat rations


   Skills:
 + Level 2.9 Fighting
 + Level 3.0 Dodging
 + Level 1.2 Stealth
 + Level 4.0 Unarmed Combat


You had 3 spell levels left.
You didn't know any spells.

Dungeon Overview and Level Annotations

Branches:
Dungeon (3/15)

Altars:
Dithmenos
Okawaru


Innate Abilities, Weirdness & Mutations

You are too large for most types of armour.
You have claws for hands.
Your metabolism is lightning-fast.
You like to eat raw meat.
Your natural rate of healing is unusually fast.
You are covered in fur. (AC +1)
You have very tough skin. (AC +2)


Message History

The goblin hits you but does no damage.
The giant cockroach waves its antennae.
The giant cockroach barely misses you. The giant cockroach closely misses you.
The goblin misses you. The kobold barely misses you.
The giant cockroach bites you but does no damage.
The goblin hits you.
* * * LOW HITPOINT WARNING * * *
The kobold closely misses you.
The giant cockroach bites you but does no damage.
The goblin closely misses you. The kobold barely misses you.
The giant cockroach bites you but does no damage.
The goblin misses you. The giant cockroach barely misses you.
The kobold hits you but does no damage. The goblin hits you.
* * * LOW HITPOINT WARNING * * *
The giant cockroach barely misses you. The kobold closely misses you.
The giant cockroach bites you but does no damage.
The goblin hits you.
You die...

...###
...........
#..........
#[.........
#...s......
#..#........
#.#.##.K#.......
.......@sK.##.#
.....(.#g.....#..
#........<......#
##..####.......##
#. #?.##..... #
...# ..## ..#.#
.# ...(.. #
......#


You could see a giant cockroach, a goblin and 2 kobolds.

Vanquished Creatures
  5 adders (D:2)
  2 worms (D:2)
  A dart slug (D:1)
  5 giant cockroaches
  2 goblins (D:1)
  4 hobgoblins
  6 jackals
  2 kobolds
  2 ball pythons
  5 bats
  3 frilled lizards
  6 rats
43 creatures vanquished.

Notes
Turn   | Place    | Note
-------+----------+-------------------------------------------
     0 | D:1      | Kosschaser the Troll Monk began the quest for the Orb.
     0 | D:1      | Reached XP level 1. HP: 22/22 MP: 0/0
    94 | D:1      | Reached XP level 2. HP: 29/29 MP: 1/1
   766 | D:2      | Reached XP level 3. HP: 34/36 MP: 2/2
   826 | D:2      | Found an iron altar of Okawaru.
   838 | D:2      | Found a shadowy altar of Dithmenos.
  1181 | D:2      | Reached XP level 4. HP: 40/44 MP: 3/3
  1327 | D:2      | Reached skill level 4 in Unarmed Combat
  1755 | D:3      | HP: 1/44 [goblin (4)]
  1756 | D:3      | Slain by a goblin

Skill      XL: |  1  2  3  4 |
---------------+-------------+-----
Dodging        | 3 |  3.0
Unarmed Combat | 4 |  4.0
Fighting       | |  2.9
Stealth        | |  1.2

Action                   |  1- 3 |  4- 6 || total
-------------------------+-------+-------++-------
Melee: Unarmed           |    79 |    25 ||   104
       Punch             |       |     1 ||     1
Throw: Stone             |     7 |     2 ||     9
  Use: Scroll            |     1 |       ||     1
       Potion            |     2 |       ||     2
 Stab: Sleeping          |     1 |     2 ||     3
  Eat: Chunk             |    14 |     1 ||    15
Armor: Robe              |    17 |    81 ||    98
Dodge: Dodged            |    41 |   125 ||   166
